Description

Play a lot of WM and 3 Tanks early on to be save. When the Starports are done you should use your Factorys to build Hellions --> Mass Banshee Scout and react

VOD

https://www.twitch.tv/avilo/v/86847820

Build Order

Get SALT Encoding   

  14  0:20  Supply Depot  
  15  0:30  Refinery  
  16  0:45  Barracks  
  19  1:35  Reaper  
  20  1:36  Orbital Command  
  20  1:50  Command Center  
  21  2:00  Supply Depot  
  22  2:15  Factory  
  22  2:20  Refinery  
  24  2:30  Factory  
  24  2:40  Tech Lab  
  26  3:10  Cyclone  Afterwards its 2-3 Tanks
  30  3:20  Reactor  
  30  3:22  Engineering Bay  
  36  3:50  Armory  
  50  4:30  Drilling Claws  
  58  5:10  Command Center  
  60  5:20  Refinery x2  
  79  6:20  Starport Tech Lab x3  
  81  6:45  Armory  
  85  7:00  Starport Tech Lab  
  85  7:05  Fusion Core  
Spawning Tool Build Advisor. Get it on Overwolf

Analysis

This is a new way to open for mech vs Protoss. Widow Mines + Cyclone allow to be save vs All-Ins

Go to:

Details

  • Created by: Granas
  • Published on: Sep 01, 2016
  • Modified on: Sep 01, 2016
  • Patch: Pre-3.8.0
Show
View Real Time Build Order
Export as new Build Order

Comments (1)

On Sept. 1, 2016, 2:29 a.m., Granas  said:

I dislike him as a person but he created this live on his stream. used it against Incontrol and other Master Player. Liked how it played out.

Create an account to comment!